 Dungeon Crawl Stone Soup version 0.29.1-1-gd02db6906a (webtiles) character file.

Game seed: 16609857284586741630

652757 cdecastro the Wrestler (level 27, -2/291 HPs)
             Began as a Troll Monk on Sept 9, 2022.
             Was the Champion of Zin.
             Slain by a rockslime (16 damage)
             ... created by the Royal Jelly
             ... while paralysed by a great orb of eyes
             ... on level 5 of the Pits of Slime on Sept 23, 2022.
             The game lasted 06:32:57 (79887 turns).

cdecastro the Wrestler (Troll Monk)                Turns: 79887, Time: 06:32:58

Health: -2/291     AC: 22    Str: 31    XL:     27
Magic:  0/31       EV:  1    Int:  8    God:    Zin [******]
Gold:   4270       SH:  0    Dex: 30    Spells: 24/26 levels left

rFire   + + +      SeeInvis .     - Unarmed
rCold   + + .      Faith    .   k - +0 tower shield {reflect}
rNeg    + + +      Spirit   +   d - +12 gold dragon scales "Uhur" {+Inv rPois rF+ rC+ rN+++ Str-3}
rPois   ∞          Reflect  +   u - +2 hat "Oceom" {rF+ rC+ rN+ Int-4 Stlth+}
rElec   .          Harm     .   E - +1 cloak of Starlight {*Dazzle EV+4 Stlth--}
rCorr   +          Rampage  .   (gloves unavailable)
Will    ++...      Clarity  +   (boots unavailable)
Stlth   ..........              W - brooch of Shielding {Spirit SH+8}
HPRegen 1.38/turn               L - ring of Liluos {rCorr Str+3 Slay+2 Stlth-}
MPRegen 0.22/turn               Y - ring of Sicwaf {rF+ Dex+6}

@: paralysed, vitalised, corroded
A: large, unfitting armour, claws 3, regeneration 1, shaggy fur 1, tough skin 1,
clarity, mutation resistance 1
}: 4/15 runes: decaying, serpentine, silver, abyssal
a: Renounce Religion, Evoke Invisibility, Recite, Vitalisation, Imprison,
Sanctuary, Donate Gold


You were on level 5 of the Pits of Slime.
You worshipped Zin.
Zin was exalted by your worship.
You visited 12 branches of the dungeon, and saw 55 of its levels.
You visited the Abyss 1 time.
You visited 1 bazaar.
You also visited: Trove, Bailey, Gauntlet, Ice Cave, Volcano and Desolation.

You collected 9653 gold pieces.
You spent 1301 gold pieces at shops.
You donated 4082 gold pieces to Zin.

Inventory:

Missiles
 h - 16 atropa-tipped darts
 i - 21 javelins
 o - 11 silver javelins
 w - 3 throwing nets
 F - 104 large rocks
 H - 3 boomerangs of dispersal
 J - a silver boomerang
 M - 34 boomerangs (quivered)
 S - 12 datura-tipped darts
Armour
 d - the +12 gold dragon scales "Uhur" (worn) {+Inv rPois rF+ rC+ rN+++ Str-3}
   (You found it in a treasure trove)

   Str:       It affects your strength (-3).
   rF:        It protects you from fire.
   rC:        It protects you from cold.
   rPois:     It protects you from poison.
   rN:        It renders you almost immune to negative energy.
   +Inv:      It lets you turn invisible.
 k - a +0 tower shield of reflection (worn)
 u - the +2 hat "Oceom" (worn) {rF+ rC+ rN+ Int-4 Stlth+}
   (You found it in a treasure trove)

   Int:       It affects your intelligence (-4).
   rF:        It protects you from fire.
   rC:        It protects you from cold.
   rN:        It protects you from negative energy.
   Stlth:     It makes you more stealthy.
 E - the +1 cloak of Starlight (worn) {*Dazzle EV+4 Stlth--}
   (You found it on level 8 of the Dungeon)

   It may blind those who miss an attack against the wearer in melee combat.
   EV:        It affects your evasion (+4).
   Stlth:     It makes you much less stealthy.
Jewellery
 L - the ring of Liluos (left claw) {rCorr Str+3 Slay+2 Stlth-}
   (You found it in the Desolation of Salt)

   [ring of resist corrosion]

   Str:       It affects your strength (+3).
   Slay:      It affects your accuracy & damage with ranged weapons and melee
   (+2).
   rCorr:     It protects you from acid and corrosion.
   Stlth:     It makes you less stealthy.
 W - the brooch of Shielding (around neck) {Spirit SH+8}
   (You took it off an orc on level 3 of the Elven Halls)

   [amulet of guardian spirit]

   It causes incoming damage to be divided between your reserves of health and
   magic.
   SH:        It affects your SH (+8).
 Y - the ring of Sicwaf (right claw) {rF+ Dex+6}
   (You took it off a yaktaur on level 5 of the Vaults)

   [ring of dexterity]

   Dex:       It affects your dexterity (+6).
   rF:        It protects you from fire.
Wands
 t - a wand of digging (13)
 v - a wand of acid (20)
 K - a wand of mindburst (6)
 R - a wand of roots (50)
Scrolls
 g - 2 scrolls of silence
 n - 5 scrolls of magic mapping
 p - 12 scrolls of teleportation
 q - 11 scrolls of poison
 y - 7 scrolls of blinking
 U - 8 scrolls of fear
 V - 7 scrolls of immolation
Potions
 c - 20 potions of heal wounds
 j - 24 potions of curing
 m - 7 potions of brilliance
 r - 6 potions of berserk rage
 s - 5 potions of ambrosia
 x - 14 potions of attraction
 z - 5 potions of might
 D - 2 potions of invisibility
 I - 10 potions of haste
 O - 2 potions of resistance
 P - a potion of magic
 Q - 3 potions of flight
 X - 4 potions of cancellation
Miscellaneous
 b - a phial of floods
 A - a tin of tremorstones (2/2)
 N - a lightning rod (4/4)


   Skills:
 - Level 20.0 Fighting
 - Level 15.0 Throwing
 - Level 15.0 Armour
 + Level 19.5 Dodging
 - Level 1.0 Stealth
 - Level 20.0 Shields
 - Level 22.0 Unarmed Combat
 - Level 9.3 Translocations
 - Level 13.0 Invocations


You had 24 spell levels left.
You knew the following spells:

 Your Spells              Type           Power      Damage    Failure   Level
a - Blink                 Tloc           28%        N/A       36%         2

Your spell library contained the following spells:

 Spells                   Type           Power      Damage    Failure   Level
 Apportation              Tloc           28%        N/A       26%         1
 Gell's Gravitas          Tloc           14%        N/A       58%         3
 Lesser Beckoning         Tloc           14%        N/A       58%         3
 Teleport Other           Tloc           14%        N/A       58%         3
 Passage of Golubria      Tloc           14%        N/A       94%         4
 Portal Projectile        Hex/Tloc       14%        N/A       99%         3
 Foxfire                  Conj/Fire      0%         2x1d4     100%        1
 Freeze                   Ice            0%         1d3       100%        1
 Necrotise                Necr           0%         1d4       100%        1
 Sandblast                Erth           0%         2d4       100%        1
 Slow                     Hex            0%         N/A       100%        1
 Sting                    Tmut/Pois      0%         1d3       100%        1
 Ensorcelled Hibernation  Hex/Ice        0%         N/A       100%        2
 Passwall                 Tmut/Erth      0%         N/A       100%        2
 Poisonous Vapours        Pois/Air       0%         N/A       100%        2
 Static Discharge         Conj/Air       0%         3-3/arc   100%        2
 Sublimation of Blood     Necr           0%         N/A       100%        2
 Wereblood                Tmut           0%         N/A       100%        2
 Confusing Touch          Hex            0%         N/A       100%        3
 Conjure Flame            Conj/Fire      0%         6-21      100%        3
 Dazzling Flash           Conj/Hex       0%         N/A       100%        3
 Frozen Ramparts          Ice            0%         1d1       100%        3
 Ignite Poison            Fire/Tmut/Pois 0%         N/A       100%        3
 Inner Flame              Hex/Fire       0%         N/A       100%        3
 Mephitic Cloud           Conj/Pois/Air  0%         N/A       100%        3
 Ozocubu's Armour         Ice            0%         N/A       100%        3
 Stone Arrow              Conj/Erth      0%         3d7       100%        3
 Tukima's Dance           Hex            0%         N/A       100%        3
 Vampiric Draining        Necr           0%         2d6       100%        3
 Airstrike                Air            0%         2d(0-16)  100%        4
 Anguish                  Hex/Necr       0%         N/A       100%        4
 Animate Armour           Summ/Erth      0%         N/A       100%        4
 Animate Dead             Necr           0%         N/A       100%        4
 Cause Fear               Hex            0%         N/A       100%        4
 Corpse Rot               Necr/Pois/Air  0%         N/A       100%        4
 Flame Wave               Conj/Fire      0%         2d4       100%        4
 Fulminant Prism          Conj/Hex       0%         3d6       100%        4
 Hailstorm                Conj/Ice       0%         3d3       100%        4
 Ice Form                 Ice/Tmut       0%         N/A       100%        4
 Iskenderun's Mystic Bla  Conj/Tloc      7%         2d4       100%        4
 Leda's Liquefaction      Hex/Erth       0%         N/A       100%        4
 Olgreb's Toxic Radiance  Pois           0%         N/A       100%        4
 Petrify                  Tmut/Erth      0%         N/A       100%        4
 Sticky Flame             Conj/Fire      0%         2d3       100%        4
 Summon Ice Beast         Ice/Summ       0%         N/A       100%        4
 Summon Lightning Spire   Summ/Air       0%         N/A       100%        4
 Agony                    Necr           0%         N/A       100%        5
 Alistair's Intoxication  Tmut/Pois      0%         N/A       100%        5
 Blade Hands              Tmut           0%         N/A       100%        5
 Borgnjor's Vile Clutch   Necr/Erth      0%         N/A       100%        5
 Fireball                 Conj/Fire      0%         3d3       100%        5
 Freezing Cloud           Conj/Ice/Air   0%         6-21      100%        5
 Irradiate                Conj/Tmut      0%         3d11      100%        5
 Lee's Rapid Deconstruct  Erth           0%         3d5*      100%        5
 Lightning Bolt           Conj/Air       0%         1d11      100%        5
 Manifold Assault         Tloc           14%        N/A       100%        5
 Metabolic Englaciation   Hex/Ice        0%         N/A       100%        5
 Silence                  Hex/Air        0%         N/A       100%        5
 Summon Forest            Summ/Tloc      3%         N/A       100%        5
 Yara's Violent Unravell  Hex/Tmut       0%         3d3       100%        5
 Death Channel            Necr           0%         N/A       100%        6
 Dispersal                Tloc           7%         N/A       100%        6
 Eringya's Noxious Bog    Tmut/Pois      0%         N/A       100%        6
 Iron Shot                Conj/Erth      0%         9d1       100%        6
 Simulacrum               Ice/Necr       0%         N/A       100%        6
 Starburst                Conj/Fire      0%         6d3       100%        6
 Statue Form              Tmut/Erth      0%         N/A       100%        6
 Dragon Form              Tmut           0%         N/A       100%        7
 Enfeeble                 Hex            0%         N/A       100%        7
 Haunt                    Necr/Summ      0%         N/A       100%        7
 Ozocubu's Refrigeration  Ice            0%         4d7       100%        7
 Storm Form               Tmut/Air       0%         N/A       100%        7
 Summon Hydra             Summ           0%         N/A       100%        7
 Borgnjor's Revivificati  Necr           0%         N/A       100%        8
 Discord                  Hex            0%         N/A       100%        8
 Infestation              Necr           0%         N/A       100%        8
 Lehudib's Crystal Spear  Conj/Erth      0%         10d2      100%        8
 Maxwell's Capacitive Co  Air            0%         ∞         100%        8
 Necromutation            Tmut/Necr      0%         N/A       100%        8
 Chain Lightning          Conj/Air       0%         N/A       100%        9
 Death's Door             Necr           0%         N/A       100%        9
 Dragon's Call            Summ           0%         N/A       100%        9
 Fire Storm               Conj/Fire      0%         5d1       100%        9
 Shatter                  Erth           0%         3d5*      100%        9


Dungeon Overview and Level Annotations

Branches:
Dungeon (15/15)            Temple (1/1) D:7            Lair (5/5) D:8
  Swamp (4/4) Lair:3        Snake (4/4) Lair:2        Slime (5/5) Lair:4
    Orc (2/2) D:10            Elf (3/3) Orc:2        Vaults (5/5) D:14
  Crypt (3/3) Vaults:2       Tomb (0/3) Crypt:3      Depths (4/4) D:15
    Zot (4/5) Depths:4     Bailey (visited)           IceCv (visited)
Volcano (visited)         Desolation (visited)      Gauntlet (visited)

Altars:
Ashenzari
Cheibriados
Dithmenos
Elyvilon
Fedhas
Gozag
Hepliaklqana
Kikubaaqudgha
Makhleb
Nemelex Xobeh
Okawaru
Qazlal
Ru
Sif Muna
Trog
Uskayaw
Vehumet
Wu Jian
Xom
Yredelemnul
Zin
The Shining One
Jiyva

Shops:
D:5 *   Orc:2 ([:*   Elf:1 [   Elf:2 :(:[   Vaults:1 *   Vaults:3 *

Portals:
Hell: Depths:1 Depths:2 Depths:3 Depths:4
Abyss: Depths:3
Pandemonium: Depths:2
Ziggurat: Depths:2

Annotations:
Snake:3 Mara
Snake:4 exclusion: upstairs
Slime:5 Royal Jelly
Crypt:1 2 transporters, Esecs's ghost, veteran GrEE; Jetyrhek's ghost, veteran GrEE; rrossfarrar's ghost, veteran BaFi
Zot:4 1 transporter


Innate Abilities, Weirdness & Mutations

You are too large for most types of armour.
You have claws for hands.
Your natural rate of healing is unusually fast.
You are covered in fur. (AC +1)
You have tough skin. (AC +1)
You possess an exceptional clarity of mind.
You are somewhat resistant to further mutation.


Message History

The fiery explosion engulfs the great orb of eyes!!
Flame seeps out of the great orb of eyes.
The great orb of eyes is heavily wounded.
You are engulfed in blazing flames.
You resist.
* * * LOW HITPOINT WARNING * * *
The great orb of eyes is engulfed in blazing flames.
Flame seeps out of the great orb of eyes.
The great orb of eyes gazes at you.
You suddenly lose the ability to move!
The rockslime barely misses you. The rockslime hits you!!
* * * LOW HITPOINT WARNING * * *
You hold your ground!
The rockslime hits you.
* * * LOW HITPOINT WARNING * * *
You hold your ground!
You are engulfed in blazing flames.
You resist.
* * * LOW HITPOINT WARNING * * *
The acid blob spits acid at you. The splash of acid hits you. You resist.
* * * LOW HITPOINT WARNING * * *
The acid corrodes you!
The Royal Jelly is engulfed in blazing flames.
Flame seeps out of the Royal Jelly.
The Royal Jelly shudders.
The Royal Jelly spits out another jelly.
The rockslime hits you!!
* * * LOW HITPOINT WARNING * * *
You are shoved backwards!
The great orb of eyes is engulfed in blazing flames.
Flame seeps out of the great orb of eyes.
You are engulfed in blazing flames.
You resist.
* * * LOW HITPOINT WARNING * * *
You are splashed with acid!
* * * LOW HITPOINT WARNING * * *
The Royal Jelly is engulfed in blazing flames.
Flame seeps out of the Royal Jelly.
The Royal Jelly hits you!!!
* * * LOW HITPOINT WARNING * * *
You are splashed with acid.
You resist.
* * * LOW HITPOINT WARNING * * *
The Royal Jelly hits you but does no damage.
The rockslime hits you!!
You die...

##..................##
#..##................###.
#####....................
#..................... .
###................... ..
#......J................
####..§JG...............
###JJJJ..............
##@JJ..............
#§................
#.................
##................
##...............
##..............
####..#####.... ####
####. ##


You could see the Royal Jelly (inner flame), an acid blob (inner flame), 2 azure
jellies, a great orb of eyes (inner flame), 3 rockslimes and a quicksilver ooze.

Vanquished Creatures
  4 dread liches
  3 orbs of fire
  3 ancient liches
  Mennas (Depths:2)
  Frederick (Crypt:2)
  Bai Suzhen (Crypt:3)
  Margery (Crypt:3)
  Saint Roka (Elf:3)
  Vashnia (Snake:4)
  Nikola (Elf:3)
  4 caustic shrikes
  6 golden dragons
  A profane servitor (Abyss:3)
  Jory (Vaults:3)
  the Enchantress (Depths:3)
  5 bone dragons
  A Tzitzimitl (Depths:4)
  2 doom hounds (Depths:4)
  2 shard shrike zombies (Crypt:3)
  19 tentacled monstrosities
  Grunn (Depths:4)
  2 walking earthen tomes
  6 deep elf blademasters
  7 liches
  Asterion (Elf:3)
  A walking frostbound tome (Depths:3)
  4 deep elf master archers
  5 quicksilver dragons
  8 titans
  Gastronok (Lair:2)
  11 death cobs
  2 ancient champions
  10 acid blobs
  4 thorn hunters
  11 sphinxes
  6 tentacled starspawn
  Frances (Elf:1)
  Kirke (Swamp:2)
  7 tengu reavers
  Donald (Snake:3)
  4 azure jellies
  15 storm dragons
  9 shadow dragons
  3 rockslimes
  5 revenants
  8 fire giants
  3 nagarajas (Snake:4)
  3 fenstrider witches
  6 draconian monks
  13 frost giants
  4 draconian knights
  14 vault wardens
  9 deep elf sorcerers
  3 iron dragons
  A frost giant (shapeshifter) (Elf:1)
  A balrug (Depths:3)
  4 imperial myrmidons (Desolation)
  8 draconian scorchers
  Aizul (Snake:3)
  4 ghouls (Crypt:2)
  A juggernaut skeleton (Crypt:2)
  2 curse skulls
  6 spriggan defenders
  9 draconian annihilators
  4 draconian stormcallers
  4 quicksilver oozes
  3 deep elf elementalists (Elf:3)
  5 draconian shifters
  11 ironbound thunderhulks
  An orc warlord (Arena)
  6 war gargoyles
  39 very ugly things
  14 green draconians
  A reaper (Depths:4)
  19 ironbound preservers
  21 stone giants
  Nessos (D:12)
  2 eleionomae
  14 deep elf demonologists
  2 putrid mouths (Depths:3)
  2 dire elephants
  4 entropy weavers
  14 red draconians
  6 bunyips
  8 deep elf annihilators
  19 purple draconians
  14 black draconians
  A minotaur (Gauntlet)
  10 spark wasps
  8 vampire knights
  17 yellow draconians
  7 eidola (Crypt:2)
  10 white draconians
  2 crystal guardians (Desolation)
  12 ettins
  7 deep elf high priests
  14 deep elf death magi
  13 yaktaur captains
  6 ragged hierophants (Desolation)
  A merfolk javelineer (Depths:3)
  5 jiangshi
  A rakshasa (Depths:2)
  A shambling mangrove (Swamp:4)
  A hell beast (Depths:3)
  13 fire dragons
  6 great orbs of eyes
  11 peacekeepers
  6 boulder beetles
  An ice dragon (shapeshifter) (Vaults:4)
  24 hydras
  7 ice dragons
  A catoblepas (Gauntlet)
  2 salamander tyrants
  14 anacondas
  29 vault guards
  2 ogre magi
  11 servants of whispers (Desolation)
  10 ironbound frosthearts
  An Orb Guardian zombie (Crypt:1)
  3 spriggan air magi
  14 naga warriors
  30 centaur warriors
  A fenstrider witch skeleton (Crypt:3)
  A hydra (shapeshifter) (Vaults:5)
  2 spriggan skeletons
  8 two-headed ogres
  3 alligators
  A titan zombie (Crypt:3)
  32 dancing weapons
  17 deep troll earth magi
  A hell hog (Abyss:3)
  5 orc high priests
  7 tengu warriors
  10 spriggan berserkers
  7 vampire magi
  6 deep troll shamans
  17 naga sharpshooters
  A death yak (Lair:3)
  A shock serpent (shapeshifter) (Vaults:4)
  4 shock serpents
  A thrashing horror (Abyss:3)
  28 deep elf knights
  Sonja (D:13)
  7 hell knights
  A fire crab (Lair:4)
  13 iron trolls
  An iron giant zombie (Crypt:3)
  30 skeletal warriors
  5 salamander mystics
  A death drake (Abyss:3)
  3 wretched stars
  4 goliath frogs
  2 shadow wraiths
  5 flayed ghosts
  A quicksilver dragon simulacrum (Depths:3)
  3 spriggan druids
  2 glowing orange brains
  8 naga ritualists
  5 bog bodies
  71 deep trolls
  2 tengu zombies
  12 lindwurms
  16 swamp dragons
  17 ironbound convokers
  6 wizards
  A wolf spider zombie (Crypt:2)
  22 deep elf archers
  A shadow demon (Abyss:3)
  Pikel (D:9)
  10 orc knights
  10 necromancers
  A spectral iron dragon (Crypt:2)
  An iron dragon zombie (Crypt:3)
  8 phantasmal warriors
  A harpy (shapeshifter) (D:13)
  37 deep elf zephyrmancers
  A lindwurm (shapeshifter) (Depths:1)
  35 ugly things
  9 mana vipers
  4 cyclopes
  29 deep elf pyromancers
  4 shining eyes
  A shadow dragon skeleton (Depths:1)
  2 wolf spiders
  5 will-o-the-wisps
  A worldbinder (Abyss:3)
  A moth of wrath (shapeshifter) (Vaults:5)
  4 manticores
  3 orc sorcerers
  2 stone giant skeletons
  27 salamanders
  12 elephants
  2 centaur zombies (D:14)
  11 guardian serpents
  17 moths of wrath
  19 vault sentinels
  A dire elephant zombie (Crypt:3)
  2 human skeletons
  A water nymph (shapeshifter) (D:14)
  35 black mambas
  2 apocalypse crabs
  8 gargoyles
  3 ice statues (IceCv)
  3 molten gargoyles (Desolation)
  An orange demon (Abyss:3)
  6 fire giant skeletons (Crypt:3)
  5 smoke demons
  11 cane toads
  2 eyes of devastation
  14 naga magi
  4 naga skeletons
  2 torpor snails
  Psyche (D:8)
  8 rime drakes
  4 freezing wraiths
  An orc skeleton (Crypt:2)
  An efreet (D:8)
  4 centaur skeletons
  3 kobold demonologists
  A red draconian zombie (Crypt:1)
  10 komodo dragons
  2 unseen horrors
  2 tormentors
  2 spriggan zombies (Depths:1)
  An anaconda simulacrum (Crypt:1)
  3 ancient zymes
  A mana viper zombie (Crypt:2)
  An entropy weaver simulacrum (Vaults:1)
  35 yaktaurs
  8 tyrant leeches
  3 tengu conjurers
  A golden dragon simulacrum (Depths:1)
  4 meliai
  A yaktaur skeleton (Vaults:1)
  A merfolk (D:10)
  10 trolls
  A bloated husk (Swamp:2)
  Grinder (D:3)
  A harpy zombie (Crypt:3)
  15 hornets
  6 large abominations (Abyss:3)
  24 blink frogs
  74 saltlings (Desolation)
  A mana viper skeleton (Crypt:1)
  5 raiju (Abyss:3)
  84 slime creatures
  4 polar bears
  A hornet (shapeshifter) (Elf:2)
  A slime creature (shapeshifter) (Elf:2)
  A snapping turtle (shapeshifter) (Depths:2)
  A jumping spider (Gauntlet)
  A centaur simulacrum (D:14)
  11 spriggans
  11 flying skulls
  18 water elementals
  4 vampires (Crypt:3)
  An ettin skeleton (Crypt:3)
  10 fire dragon skeletons (Crypt:3)
  7 shadows
  7 air elementals
  7 small abominations
  2 ynoxinuls
  55 yaks
  A wyvern (shapeshifter) (Elf:1)
  6 fire elementals
  11 wyverns
  A basilisk (shapeshifter) (D:10)
  7 wraiths
  A hog (Swamp:2)
  4 humans (Swamp:2)
  7 golden eyes
  A wind drake skeleton (Crypt:1)
  9 steam dragons
  6 basilisks
  12 vampire mosquitoes
  A chaos spawn (Abyss:3)
  A neqoxec (Abyss:1)
  7 redbacks
  37 nagas
  A death yak simulacrum (IceCv)
  A harpy simulacrum (IceCv)
  6 wargs
  2 naga zombies
  A hydra simulacrum (IceCv)
  2 acid dragons
  4 hell hounds
  24 water moccasins
  10 swamp worms
  2 faun skeletons (Crypt:1)
  6 swamp drakes
  38 orc warriors
  2 ice beasts
  2 hornet zombies
  2 black bears
  2 floating eyes (Depths:1)
  A sky beast (Abyss:2)
  A swamp dragon zombie (Crypt:3)
  17 wolves
  10 ogres
  A golden eye zombie (Crypt:1)
  A torpor snail zombie (Crypt:1)
  2 lemures (D:9)
  9 centaurs
  5 kobold brigands
  2 phantoms
  15 bullfrogs
  An elf zombie (Crypt:2)
  7 earth elementals
  A necrophage (D:7)
  3 gnoll sergeants
  A glowing shapeshifter simulacrum (Vaults:1)
  A scorpion (D:5)
  A cane toad simulacrum (IceCv)
  A wight (D:8)
  An elephant simulacrum (IceCv)
  A swamp dragon simulacrum (Crypt:1)
  8 killer bees
  8 electric eels
  6 howler monkeys
  23 starcursed masses (Abyss:3)
  4 jellies
  2 quasits
  A human simulacrum (Vaults:4)
  18 orc priests
  A bullfrog skeleton (Crypt:2)
  A gnoll bouda (D:4)
  7 hounds
  Terence (D:2)
  2 iguanas
  28 orc wizards
  4 wolf simulacra
  A sky beast zombie (Crypt:2)
  A boggart simulacrum (D:14)
  16 gnolls
  A gnoll (shapeshifter) (Elf:1)
  12 adders
  4 shadow imps
  A white imp (D:6)
  2 ufetubi
  A worm (D:2)
  5 dart slugs
  76 orcs
  4 ball pythons
  A bat (D:1)
  11 endoplasms
  5 giant cockroaches
  14 goblins
  6 hobgoblins
  2 jackals (D:5)
  4 quokkas
  2 frilled lizards
  A goblin skeleton (Crypt:2)
  A jackal zombie (Crypt:1)
  16 kobolds
  11 rats
  A pillar of salt (Vaults:2)
  4 starspawn tentacles (Abyss:3)
2629 creatures vanquished.

Vanquished Creatures (others)
  A green draconian (Zot:1)
  A black draconian (Zot:4)
  A white draconian (Zot:4)
  A rakshasa (Depths:1)
  An alligator (Swamp:1)
  A deep elf knight (Abyss:3)
  A deep elf zephyrmancer (Elf:1)
  An ugly thing (IceCv)
  An orc sorcerer (Elf:1)
  A salamander (Snake:2)
  A hornet (Swamp:4)
  A small abomination (Abyss:3)
  A golden eye (shapeshifter) (Elf:3)
  A swamp drake (Swamp:4)
  An orc warrior (Elf:2)
  An orc wizard (D:11)
  5 orcs
  18 foxfires
  32 fungi
  53 plants
  13 starspawn tentacles
  40 withered plants (Crypt:3)
177 creatures vanquished.

Grand Total: 2806 creatures vanquished

Notes
Turn   | Place    | Note
-------+----------+-------------------------------------------
     0 | D:1      | cdecastro the Troll Monk began the quest for the Orb.
     0 | D:1      | Reached XP level 1. HP: 22/22 MP: 0/0
    67 | D:1      | Reached XP level 2. HP: 29/29 MP: 1/1
   214 | D:1      | Reached skill level 4 in Unarmed Combat
   309 | D:1      | Reached XP level 3. HP: 36/36 MP: 2/2
   346 | D:1      | Found a faded altar of an unknown god.
   357 | D:1      | Prayed at the altar of an unknown god.
   357 | D:1      | Became a worshipper of Warmaster Okawaru
   357 | D:1      | Reached * piety under Okawaru
   357 | D:1      | Reached ** piety under Okawaru
   645 | D:2      | Noticed Terence
   652 | D:2      | Killed Terence
   813 | D:2      | Reached skill level 5 in Unarmed Combat
   813 | D:2      | Reached XP level 4. HP: 44/44 MP: 3/3
   857 | D:2      | Reached *** piety under Okawaru
   977 | D:2      | Found a shimmering altar of Xom.
  1732 | D:3      | Reached XP level 5. HP: 48/50 MP: 1/4
  1780 | D:3      | Noticed Grinder
  1786 | D:3      | Killed Grinder
  1787 | D:3      | Reached skill level 7 in Unarmed Combat
  1787 | D:3      | Reached XP level 6. HP: 19/59 MP: 2/5
  1913 | D:3      | Identified the amulet "Lonaoly" {Faith Str+4}
  2814 | D:4      | Reached skill level 8 in Unarmed Combat
  2814 | D:4      | Reached XP level 7. HP: 66/66 MP: 3/6
  3078 | D:5      | Entered Level 5 of the Dungeon
  3081 | D:5      | Found Leruusam's General Store.
  3127 | D:5      | Bought a scroll of identify for 28 gold pieces
  3127 | D:5      | Bought a scroll of poison for 56 gold pieces
  3127 | D:5      | Bought a potion of invisibility for 112 gold pieces
  3127 | D:5      | Bought a scroll of enchant armour for 105 gold pieces
  3136 | D:5      | Reached **** piety under Okawaru
  3155 | D:5      | Noticed a steam dragon
  3200 | D:5      | Killed a steam dragon
  3201 | D:5      | Reached skill level 9 in Unarmed Combat
  3356 | D:5      | Reached XP level 8. HP: 61/74 MP: 5/7
  3589 | D:5      | Reached skill level 10 in Unarmed Combat
  3778 | D:5      | Reached skill level 1 in Invocations
  4627 | D:7      | Reached skill level 5 in Invocations
  4643 | D:7      | Identified the +0 robe of the Maze {Harm rPois}
  4677 | D:7      | Received a gift from Okawaru
  4857 | D:7      | Reached XP level 9. HP: 30/80 MP: 12/12
  4914 | D:7      | Reached ***** piety under Okawaru
  4966 | D:7      | Found a staircase to the Ecumenical Temple.
  4975 | Temple   | Entered the Ecumenical Temple
  5646 | D:8      | Found a flagged portal.
  5667 | D:8      | Noticed a troll
  5673 | D:8      | Killed a troll
  5681 | Bailey   | Entered a bailey
  5906 | Bailey   | Noticed an orc knight
  5931 | Bailey   | Killed an orc knight
  5932 | Bailey   | Reached XP level 10. HP: 60/88 MP: 8/16
  6010 | Bailey   | Found a large runed translucent door.
  6010 | Bailey   | Found a large runed translucent door.
  6011 | Bailey   | Noticed a deep elf zephyrmancer
  6127 | Bailey   | Killed a deep elf zephyrmancer
  6128 | Bailey   | Reached skill level 10 in Invocations
  6216 | D:7      | Identified the +4 acid dragon scales of Puegivat {rC+ rCorr
                  | Str+4} (Okawaru gifted it to you on level 7 of the Dungeon)
  6216 | D:7      | Received a gift from Okawaru
  6530 | D:8      | Found a staircase to the Lair.
  6634 | D:8      | Reached skill level 5 in Fighting
  6638 | D:8      | Noticed Psyche
  6645 | D:8      | Killed Psyche
  6720 | D:8      | Found the +1 cloak of Starlight {*Dazzle EV+4 Stlth--}
  6720 | D:8      | Noticed a centaur warrior
  6779 | D:8      | Noticed a two-headed ogre
  6803 | D:8      | Killed a two-headed ogre
  6990 | D:8      | Noticed a green ugly thing
  7001 | D:8      | Killed a green ugly thing
  7009 | D:8      | Killed a centaur warrior
  7010 | D:8      | Reached XP level 11. HP: 31/111 MP: 10/17
  7482 | D:9      | Found a shadowy altar of Dithmenos.
  7482 | D:9      | Found a glowing golden altar of the Shining One.
  7592 | D:9      | Noticed Pikel
  7649 | D:9      | Killed Pikel
  7657 | D:9      | Reached ****** piety under Okawaru
  7660 | D:9      | Found the +4 skin of Zhor {*Englaciate rC+++ SInv}
  7948 | D:10     | Entered Level 10 of the Dungeon
  8064 | D:10     | Identified the +1 cloak of the Eagle {Fly rElec Int-2
                  | Dex+3} (Okawaru gifted it to you on level 10 of the
                  | Dungeon)
  8064 | D:10     | Received a gift from Okawaru
  8112 | D:10     | Noticed a two-headed ogre
  8134 | D:10     | Killed a two-headed ogre
  8154 | D:10     | Found a staircase to the Orcish Mines.
  8299 | D:10     | Reached skill level 10 in Fighting
  8500 | D:10     | Noticed a two-headed ogre
  8514 | D:10     | Killed a two-headed ogre
  8852 | D:11     | Reached skill level 5 in Throwing
  8894 | D:11     | Noticed a centaur warrior
  8904 | D:11     | Killed a centaur warrior
  8974 | D:11     | You are sucked into a shaft and drop 3 floors!
  9057 | D:14     | Reached XP level 12. HP: 114/126 MP: 18/18
  9087 | D:14     | Got the Incunable of the Chill
  9218 | D:14     | Noticed an eight-headed hydra
  9336 | D:14     | Noticed a centaur warrior
  9384 | D:14     | Killed a centaur warrior
  9385 | D:14     | Reached skill level 5 in Dodging
  9385 | D:14     | Reached skill level 1 in Armour
  9446 | D:13     | Noticed a boulder beetle
  9535 | D:13     | Received a gift from Okawaru
  9563 | D:13     | Noticed Sonja
  9585 | D:13     | Killed Sonja
  9713 | D:13     | Noticed a four-headed hydra
  9738 | D:12     | Killed a boulder beetle
  9825 | D:12     | Found a sacrificial altar of Ru.
 10037 | D:11     | Paralysed by a hornet for 3 turns
 10141 | D:11     | Noticed a centaur warrior
 10155 | D:11     | Killed a centaur warrior
 10156 | D:11     | Reached skill level 5 in Armour
 10220 | D:11     | Noticed a two-headed ogre
 10258 | D:10     | Killed a two-headed ogre
 10421 | D:11     | Reached skill level 11 in Unarmed Combat
 10433 | D:11     | Noticed a boulder beetle
 10492 | D:11     | Killed a boulder beetle
 10839 | D:12     | Received a gift from Okawaru
 10905 | D:11     | Reached skill level 12 in Unarmed Combat
 11410 | D:12     | Noticed Nessos
 11519 | D:12     | Killed Nessos
 11683 | D:12     | Reached skill level 13 in Unarmed Combat
 11683 | D:12     | Reached XP level 13. HP: 133/133 MP: 19/19
 12165 | D:13     | Identified the +1 plate armour of Marbles {-Cast Str+2
                  | SInv}
 12744 | D:14     | Received a gift from Okawaru
 12748 | D:14     | Reached skill level 14 in Unarmed Combat
 13262 | D:14     | Found a gate to the Vaults.
 13412 | D:15     | Entered Level 15 of the Dungeon
 13424 | D:15     | Reached skill level 15 in Unarmed Combat
 13558 | D:15     | Received a gift from Okawaru
 13797 | D:15     | Received a gift from Okawaru
 13905 | D:15     | Received a gift from Okawaru
 14127 | D:15     | Reached XP level 14. HP: 86/143 MP: 22/22
 14146 | D:15     | Identified the +1 robe of Xosioh {Str+4 Int+3} (Okawaru
                  | gifted it to you on level 15 of the Dungeon)
 14146 | D:15     | Received a gift from Okawaru
 14484 | D:15     | Found a staircase to the Depths.
 14791 | Orc:1    | Entered Level 1 of the Orcish Mines
 15106 | Orc:2    | Entered Level 2 of the Orcish Mines
 15161 | Orc:2    | Found Cuimmopt's Antique Armour Emporium.
 15194 | Orc:2    | Noticed an orc warlord
 15236 | Arena    | Entered the Arena
 15245 | Arena    | Killed an orc warlord
 15462 | Orc:2    | Found a staircase to the Elven Halls.
 15471 | Orc:2    | Found a dark tunnel.
 15476 | Volcano  | Entered a volcano
 15623 | Volcano  | Received a gift from Okawaru
 15722 | Volcano  | Found the +2 cloak of the Thief {*Fog Slay-2 SInv Stlth+}
 15799 | Volcano  | Identified the +1 robe "Xumukymm" {rC+} (Okawaru gifted it
                  | to you in a volcano)
 15799 | Volcano  | Received a gift from Okawaru
 16031 | Orc:2    | Found Ced Mim's General Store.
 16040 | Orc:2    | Bought a potion of resistance for 130 gold pieces
 16040 | Orc:2    | Bought a scroll of identify for 26 gold pieces
 16040 | Orc:2    | Bought a potion of lignification for 39 gold pieces
 16040 | Orc:2    | Bought a potion of berserk rage for 65 gold pieces
 16374 | Orc:2    | Found Teqoghargh's Book Boutique.
 16841 | Orc:2    | Found Terhuwku's Antique Weapon Shop.
 17317 | Lair:1   | Entered Level 1 of the Lair of Beasts
 17380 | Lair:1   | Identified the +2 scale mail of Faecs {rPois rF- Dex+3}
 18224 | Lair:2   | Found a staircase to the Snake Pit.
 18231 | Lair:2   | Reached skill level 10 in Throwing
 18253 | Lair:2   | Noticed Gastronok
 18279 | Lair:2   | Killed Gastronok
 18993 | Lair:3   | Found a gate leading to a gauntlet.
 19014 | Gauntlet | Entered a Gauntlet
 19014 | Gauntlet | Found a transporter.
 19014 | Gauntlet | Found a transporter.
 19014 | Gauntlet | Found a transporter.
 19015 | Gauntlet | Found a transporter.
 19018 | Gauntlet | Found a transporter.
 19018 | Gauntlet | Found a transporter.
 19028 | Gauntlet | Found a transporter.
 19032 | Gauntlet | Found a transporter.
 19042 | Gauntlet | Found a transporter.
 19042 | Gauntlet | Found a transporter.
 19061 | Gauntlet | Noticed a cacodemon
 19073 | Gauntlet | Found a transporter.
 19075 | Gauntlet | Found a transporter.
 19289 | Gauntlet | Reached XP level 15. HP: 142/152 MP: 21/23
 19305 | Gauntlet | Identified the amulet "Sonin" {Faith rN+ Str+4}
 19333 | Gauntlet | Identified the +1 hat "Hucy" {Regen+}
 19383 | Gauntlet | Identified the amulet of the Doge {Acrobat rN++ MP+9 Slay-2
                  | SInv}
 19526 | Lair:3   | Found a staircase to the Swamp.
 19851 | Lair:3   | Received a gift from Okawaru
 20089 | Lair:3   | Identified the +5 spear of Udegoeze {antimagic, rF++ Int+4
                  | SInv}
 20227 | Lair:3   | Received a gift from Okawaru
 20670 | Lair:4   | Identified the +0 robe "Doryd" {+Inv SInv Stlth+}
 21048 | Lair:4   | Received a gift from Okawaru
 21070 | Lair:4   | Found a frozen archway.
 21082 | IceCv    | Entered an ice cave
 21493 | Lair:4   | Found a viscous altar of Jiyva.
 21496 | Lair:4   | Found a staircase to the Slime Pits.
 21904 | Lair:5   | Entered Level 5 of the Lair of Beasts
 21917 | Lair:4   | Received a gift from Okawaru
 22019 | Lair:4   | Received a gift from Okawaru
 22205 | Lair:5   | Paralysed by a hornet for 1 turns
 22307 | Lair:5   | Received a gift from Okawaru
 22580 | Lair:5   | Received a gift from Okawaru
 22875 | Lair:5   | Received a gift from Okawaru
 22982 | Lair:5   | Paralysed by a hornet for 1 turns
 23067 | Lair:5   | Reached XP level 16. HP: 174/174 MP: 24/24
 24126 | Snake:1  | Entered Level 1 of the Snake Pit
 24640 | Snake:1  | Reached skill level 15 in Fighting
 24686 | Snake:1  | Identified the +1 robe of Theory {rF- rCorr Dex+4} (Okawaru
                  | gifted it to you on level 1 of the Snake Pit)
 24686 | Snake:1  | Received a gift from Okawaru
 26268 | Snake:2  | Found a basalt altar of Yredelemnul.
 26346 | Snake:2  | Received a gift from Okawaru
 26799 | Snake:2  | Received a gift from Okawaru
 26845 | Snake:2  | Received a gift from Okawaru
 27059 | Snake:3  | Identified a scroll of acquirement
 27164 | Snake:3  | Reached skill level 10 in Dodging
 27283 | Snake:3  | Received a gift from Okawaru
 27438 | Snake:3  | Noticed Donald
 27453 | Snake:3  | Killed Donald
 27582 | Snake:3  | Received a gift from Okawaru
 27583 | Snake:3  | Reached XP level 17. HP: 166/184 MP: 25/25
 27591 | Snake:3  | Noticed Aizul
 27605 | Snake:3  | Killed Aizul
 27606 | Snake:3  | Reached skill level 1 in Shields
 27836 | Snake:3  | Found a shadowy altar of Dithmenos.
 27933 | Snake:3  | Noticed Mara
 28044 | Snake:3  | Received a gift from Okawaru
 28123 | Snake:4  | Entered Level 4 of the Snake Pit
 28553 | Snake:4  | Reached skill level 5 in Shields
 29215 | Arena    | Entered the Arena
 29435 | Snake:4  | Noticed Vashnia
 29645 | Snake:4  | Received a gift from Okawaru
 29829 | Snake:4  | Killed Vashnia
 29829 | Snake:4  | Received a gift from Okawaru
 29923 | Snake:4  | Got a serpentine rune of Zot
 30488 | Swamp:1  | Entered Level 1 of the Swamp
 30679 | Swamp:1  | Received a gift from Okawaru
 30706 | Swamp:1  | Identified the +9 plate armour "Qayzaj" {Int+6}
 30755 | Swamp:1  | Paralysed by a fenstrider witch for 2 turns
 31135 | Swamp:2  | Reached skill level 10 in Shields
 31369 | Swamp:2  | Noticed Kirke
 31386 | Swamp:2  | Killed Kirke
 31448 | Swamp:2  | Identified the +10 plate armour of Uskayaw's Inspiration
                  | {MP-9 Int+7 SInv Stlth+}
 31698 | Swamp:2  | Identified the +7 shortbow "Jeinwoliuq" {vorpal, rN+ Will+
                  | SInv}
 32021 | Swamp:3  | Identified the +0 robe of the Shining Light {rF+ Stlth+}
                  | (Okawaru gifted it to you on level 3 of the Swamp)
 32021 | Swamp:3  | Received a gift from Okawaru
 32051 | Swamp:3  | Paralysed by a fenstrider witch for 4 turns
 32057 | Swamp:3  | Paralysed by a fenstrider witch for 5 turns
 32065 | Swamp:3  | Reached XP level 18. HP: 42/193 MP: 26/26
 32424 | Swamp:3  | Paralysed by a fenstrider witch for 2 turns
 32548 | Swamp:4  | Entered Level 4 of the Swamp
 33154 | Swamp:4  | Reached skill level 10 in Armour
 33266 | Swamp:4  | Identified the +2 robe "Wyhot" {Dex+3} (Okawaru gifted it
                  | to you on level 4 of the Swamp)
 33266 | Swamp:4  | Received a gift from Okawaru
 33671 | Swamp:4  | Got a decaying rune of Zot
 33952 | D:15     | Upgraded the game from 0.29.0-13-gc9e81de378 to 0.29.1
 33952 | D:15     | Upgraded the game from 0.29.1 to 0.29.1-1-gd02db6906a
 34079 | Vaults:1 | Entered Level 1 of the Vaults
 34496 | Vaults:1 | Found Satt's Assorted Antiques.
 34501 | Vaults:1 | Bought a scroll of teleportation for 78 gold pieces
 34501 | Vaults:1 | Bought a scroll of magic mapping for 195 gold pieces
 34646 | Vaults:1 | Reached skill level 16 in Unarmed Combat
 35363 | Vaults:1 | Received a gift from Okawaru
 35695 | Vaults:2 | Received a gift from Okawaru
 35752 | Vaults:2 | Reached skill level 17 in Unarmed Combat
 35822 | Vaults:2 | Found a crumbling gateway.
 35842 | Desolati | Entered the Desolation of Salt
 36072 | Desolati | Got the Textbook on Helpful Pyromania
 36152 | Desolati | Identified the +1 morningstar "Tiosku" {freeze, Dex+3}
 36154 | Desolati | Identified the +8 war axe of Ravage {holy, Str+4 Int+3}
 36173 | Desolati | Received a gift from Okawaru
 36212 | Desolati | Identified the ring "Berol" {Will+ MP+9}
 36315 | Desolati | Reached XP level 19. HP: 201/201 MP: 24/27
 36404 | Desolati | Received a gift from Okawaru
 36463 | Desolati | Reached skill level 18 in Unarmed Combat
 36575 | Desolati | Identified the +9 dagger of the Queen {vorpal, rC+ rN+
                  | SInv}
 36640 | Desolati | Received a gift from Okawaru
 36733 | Desolati | Identified the +1 rapier of Evisceration {vorpal, rElec rF+
                  | rCorr Int+3}
 36869 | Desolati | Identified the ring of the Ban {rElec MP+9 Dex+4 Stlth+}
 36895 | Desolati | Received a gift from Okawaru
 37205 | Desolati | Reached skill level 19 in Unarmed Combat
 37251 | Desolati | Identified the +8 war axe of Qorph {vamp, MP+9}
 37284 | Desolati | Got Xech's Exposition on Excruciating Enchantment
 37288 | Desolati | Identified the ring of Liluos {rCorr Str+3 Slay+2 Stlth-}
 37312 | Desolati | Found the +0 pair of fencer's gloves {Riposte Dex+3}
 37332 | Desolati | Received a gift from Okawaru
 37631 | Desolati | Identified the amulet of Husasoum {Spirit -Tele Harm Str+4}
 38221 | Vaults:2 | Received a gift from Okawaru
 38399 | Vaults:2 | Reached skill level 20 in Unarmed Combat
 38610 | Vaults:2 | Found a staircase to the Crypt.
 38610 | Vaults:2 | Found an ancient bone altar of Kikubaaqudgha.
 38610 | Vaults:2 | Found a basalt altar of Yredelemnul.
 39240 | Vaults:2 | Identified the +0 robe of Caustic Awe {Str+3 Dex+3}
                  | (Okawaru gifted it to you on level 2 of the Vaults)
 39240 | Vaults:2 | Received a gift from Okawaru
 39822 | Vaults:3 | You are sucked into a shaft and drop 1 floor!
 39928 | Vaults:4 | Reached XP level 20. HP: 211/214 MP: 28/28
 40198 | Vaults:4 | Found a portal to a secret trove of treasure.
 40964 | Vaults:3 | Identified the +9 arbalest of Prudence {penet, rF- Int+6}
                  | (Okawaru gifted it to you on level 3 of the Vaults)
 40964 | Vaults:3 | Received a gift from Okawaru
 41132 | Vaults:3 | Noticed Jory
 41665 | Vaults:3 | Found Aniv's Assorted Antiques.
 41673 | Vaults:3 | Bought a scroll of immolation for 116 gold pieces
 42221 | Vaults:3 | Killed Jory
 42425 | Vaults:4 | Received a gift from Okawaru
 42652 | Vaults:4 | Received a gift from Okawaru
 43178 | Vaults:4 | Received a gift from Okawaru
 44619 | Elf:1    | Entered Level 1 of the Elven Halls
 44634 | Elf:1    | Found Asoib's Armour Boutique.
 44682 | Elf:1    | Paralysed by an air elemental for 1 turns
 44892 | Elf:1    | Found a transporter.
 44908 | Elf:1    | Found a radiant altar of Vehumet.
 44974 | Elf:1    | Paralysed by an air elemental for 1 turns
 44976 | Elf:1    | Paralysed by an air elemental for 1 turns
 44983 | Elf:1    | Paralysed by an air elemental for 1 turns
 44989 | Elf:1    | Paralysed by an air elemental for 1 turns
 45005 | Elf:1    | Reached XP level 21. HP: 234/234 MP: 29/29
 45162 | Elf:1    | Paralysed by an air elemental for 1 turns
 45419 | Elf:1    | Noticed Frances
 45440 | Elf:1    | Killed Frances
 45748 | Elf:1    | Identified the +0 hat of the Wild Haggis {rElec Str+3}
                  | (Okawaru gifted it to you on level 1 of the Elven Halls)
 45748 | Elf:1    | Received a gift from Okawaru
 45854 | Elf:1    | Found a runed translucent gate.
 45854 | Elf:1    | Found a runed translucent gate.
 45854 | Elf:1    | Found a runed translucent gate.
 45854 | Elf:1    | Found a runed translucent gate.
 45854 | Elf:1    | Found a runed translucent gate.
 45866 | Elf:1    | Found a runed translucent gate.
 46538 | Elf:2    | Found Yxerefa's Book Shoppe.
 46633 | Elf:2    | Found Xaroub's Antique Weapon Shop.
 46664 | Elf:2    | Found Ontudaaph's Book Shoppe.
 47164 | Elf:2    | Found Wyoson's Antique Armour Shop.
 47289 | Elf:2    | Found a runed translucent gate.
 47290 | Elf:2    | Found a runed translucent gate.
 47290 | Elf:2    | Found a runed translucent gate.
 47576 | Depths:1 | Entered Level 1 of the Depths
 47821 | Depths:1 | Found a stormy altar of Qazlal.
 48467 | Depths:1 | Received a gift from Okawaru
 48537 | Depths:1 | Received a gift from Okawaru
 48849 | Depths:1 | Found a gateway to Hell.
 49282 | Depths:1 | Found a white marble altar of Elyvilon.
 49685 | Depths:2 | Noticed a caustic shrike
 49862 | Depths:2 | Found a one-way gateway to a ziggurat.
 49894 | Depths:2 | Reached XP level 22. HP: 222/247 MP: 30/30
 50042 | Depths:2 | Found a flickering gateway to a bazaar.
 50049 | Depths:2 | Killed a caustic shrike
 50106 | Bazaar   | Entered a bazaar
 50106 | Bazaar   | Found Plog's Book Emporium.
 50106 | Bazaar   | Found Ximuig's Weapon Shoppe.
 50106 | Bazaar   | Found Atolupn's Book Emporium.
 50106 | Bazaar   | Found Odoch's Jewellery Shoppe.
 50217 | Depths:2 | Received a gift from Okawaru
 50510 | Depths:2 | Received a gift from Okawaru
 50907 | Depths:2 | Found a one-way gate leading to the halls of Pandemonium.
 51022 | Depths:3 | Found a one-way gate to the infinite horrors of the Abyss.
 51033 | Depths:3 | Noticed the Enchantress
 51040 | Depths:2 | Reached skill level 15 in Throwing
 51078 | Depths:2 | Received a gift from Okawaru
 51104 | Depths:2 | Identified the +5 trident of the Uplifting Saviour
                  | {protect, rPois Int+3}
 51222 | Depths:3 | Noticed Mennas
 51246 | Depths:2 | Killed Mennas
 51480 | Depths:3 | Received a gift from Okawaru
 51480 | Depths:3 | Found the +5 robe of Night {Dark Will+ SInv}
 52401 | Depths:3 | Killed the Enchantress
 52560 | Depths:3 | Found a blossoming altar of Fedhas.
 53240 | Depths:3 | Noticed a caustic shrike
 53247 | Depths:3 | Killed a caustic shrike
 53278 | Depths:3 | Noticed a caustic shrike
 53294 | Depths:3 | Killed a caustic shrike
 53294 | Depths:3 | Received a gift from Okawaru
 54080 | Depths:4 | Entered Level 4 of the Depths
 54317 | Depths:4 | Identified the +8 sling of the Blowfly {flame, +Blink rF-
                  | rN+} (Okawaru gifted it to you on level 4 of the Depths)
 54317 | Depths:4 | Received a gift from Okawaru
 54397 | Depths:4 | Reached XP level 23. HP: 249/254 MP: 31/31
 54683 | Depths:4 | Reached skill level 15 in Shields
 54917 | Depths:4 | Received a gift from Okawaru
 54987 | Depths:4 | Found a gate to the Realm of Zot.
 55749 | Depths:4 | Noticed a caustic shrike
 55772 | Depths:4 | Killed a caustic shrike
 55772 | Depths:4 | Received a gift from Okawaru
 55860 | Depths:4 | Noticed Grunn
 55873 | Depths:4 | Killed Grunn
 56165 | Depths:4 | Received a gift from Okawaru
 56602 | Depths:4 | Received a gift from Okawaru
 57139 | Elf:1    | Received a gift from Okawaru
 57186 | Elf:1    | Found a transporter.
 57525 | Elf:2    | Received a gift from Okawaru
 57991 | Elf:3    | Entered Level 3 of the Elven Halls
 58505 | Elf:3    | Noticed Asterion
 58514 | Elf:3    | Killed Asterion
 58647 | Elf:3    | Paralysed by an air elemental for 1 turns
 58703 | Elf:3    | Gained mutation: You are frail. (-10% HP) [a neqoxec]
 58861 | Elf:3    | Paralysed by an air elemental for 1 turns
 59038 | Elf:3    | Identified the ring "Rainkeu" {Ice rPois Str+5}
 59112 | Elf:3    | Identified the +11 morningstar "Vamaempi" {flame, Fly rF+}
 59190 | Elf:3    | Noticed Nikola
 59226 | Elf:3    | Killed Nikola
 59466 | Elf:3    | Identified the +0 ring mail of the Shoals {rF++}
 59504 | Elf:3    | Reached XP level 24. HP: 238/238 MP: 31/31
 59512 | Elf:3    | Reached skill level 15 in Armour
 60781 | Elf:3    | Identified the +3 leather armour of the Secret Priests
                  | {Harm rPois Regen+ Dex-5}
 60793 | Elf:3    | Noticed Saint Roka
 60815 | Elf:3    | Killed Saint Roka
 60822 | Elf:3    | Received a gift from Okawaru
 60875 | Elf:3    | Identified the +2 helmet of the Falcon {Harm Dex+3}
 60880 | Elf:3    | Got the Parchment of Hiemal Conflagration
 60965 | Elf:3    | Got Yfebidox's Codex of Called Hypothermia
 61022 | Elf:3    | Got the Almanac of Feathery Hypothermia
 61184 | Elf:3    | elf:3 && ego
 61565 | Crypt:1  | Entered Level 1 of the Crypt
 61572 | Crypt:1  | Noticed a royal mummy
 61574 | Crypt:1  | Found a transporter.
 61606 | Crypt:1  | Noticed Jetyrhek's ghost (veteran GrEE)
 61615 | Crypt:1  | Noticed rrossfarrar's ghost (veteran BaFi)
 61871 | Crypt:1  | Found a transporter.
 61880 | Crypt:1  | Noticed Esecs's ghost (veteran GrEE)
 62157 | Crypt:2  | Noticed Frederick
 62162 | Crypt:2  | Killed Frederick
 62162 | Crypt:2  | Received a gift from Okawaru
 62341 | Arena    | Entered the Arena
 62343 | Arena    | Received a gift from Okawaru
 62393 | Crypt:2  | Noticed an ancient lich
 62400 | Crypt:2  | Killed an ancient lich
 62511 | Crypt:2  | Got the Collected Works on the Undead
 63337 | Crypt:3  | Entered Level 3 of the Crypt
 63339 | Crypt:3  | Received a gift from Okawaru
 64454 | Crypt:3  | Received a gift from Okawaru
 64477 | Crypt:3  | Identified the ring "Qetru" {Fly Str+4 Dex+3 Slay-5}
 64596 | Crypt:3  | Identified the +1 hat of Qesalell {rN+ Dex+6}
 64739 | Crypt:3  | Identified the +5 pair of gloves of Paranoia {Int+3 Dex+2}
 64889 | Crypt:3  | Noticed Bai Suzhen
 64909 | Crypt:3  | Killed Bai Suzhen
 64929 | Crypt:3  | Received a gift from Okawaru
 65064 | Crypt:3  | Noticed Margery
 65071 | Crypt:3  | Killed Margery
 65251 | Crypt:3  | Found a staircase to the Tomb.
 65382 | Crypt:3  | Found an ancient bone altar of Kikubaaqudgha.
 65384 | Crypt:3  | Noticed an ancient lich
 65396 | Crypt:3  | Killed an ancient lich
 65397 | Crypt:3  | Reached skill level 15 in Dodging
 65437 | Crypt:3  | Noticed a dread lich
 65445 | Crypt:3  | Killed a dread lich
 65473 | Crypt:3  | Identified the ring "Ruivik" {rElec rPois MP+9 Int-5}
 65491 | Crypt:3  | Noticed a dread lich
 65505 | Crypt:3  | Killed a dread lich
 65505 | Crypt:3  | Identified the +2 robe "Hero's Friend" {Str+2} (Okawaru
                  | gifted it to you on level 3 of the Crypt)
 65505 | Crypt:3  | Received a gift from Okawaru
 65984 | D:15     | Acquired the +10 tower shield of Ignorance {rN+ Int-4}
 65984 | D:15     | Found the +10 tower shield of Ignorance {rN+ Int-4}
 66227 | Vaults:4 | You paid a toll of a +7 demon trident to enter a treasure
                  | trove
 66228 | Trove    | Entered a treasure trove
 66230 | Trove    | Found the +18 shield of the Gong {rElec rN+ Will+ EV-5}
 66232 | Trove    | Identified the +2 hat "Cibel" {Str+5}
 66233 | Trove    | Identified the +8 tower shield of the Cricket {Contam
                  | Rampage rF++ Stlth+}
 66234 | Trove    | Identified the +2 hat "Oceom" {rF+ rC+ rN+ Int-4 Stlth+}
 66235 | Trove    | Identified the +12 gold dragon scales "Uhur" {+Inv rPois
                  | rF+ rC+ rN+++ Str-3}
 66236 | Trove    | Identified the +1 hat of Okawaru's Anger {rElec Will+
                  | Slay+3}
 66241 | Trove    | Identified the +0 hat of Beogh, Singing {Will- Dex+4}
 66242 | Trove    | Identified the +0 robe of the Salamander {rF+}
 66834 | Vaults:5 | Entered Level 5 of the Vaults
 66843 | Vaults:5 | Reached skill level 5 in Translocations
 66843 | Vaults:5 | Reached XP level 25. HP: 176/245 MP: 31/31
 66935 | Vaults:4 | Learned a level 2 spell: Blink
 67174 | Vaults:1 | Bought a scroll of immolation for 104 gold pieces
 67174 | Vaults:1 | Bought a scroll of torment for 247 gold pieces
 67323 | Vaults:5 | Identified the ring of Sicwaf {rF+ Dex+6}
 67337 | Vaults:5 | Noticed an ancient lich
 67463 | Vaults:4 | Killed an ancient lich
 67467 | Vaults:4 | Identified the +7 storm dragon scales of Untruth {rElec
                  | rCorr} (Okawaru gifted it to you on level 4 of the Vaults)
 67467 | Vaults:4 | Received a gift from Okawaru
 67623 | Vaults:4 | Reached skill level 21 in Unarmed Combat
 68395 | Vaults:5 | Identified the ring of Disaster {rC+ rN+ Dex+4 SInv}
 68716 | Vaults:5 | Noticed a dread lich
 68727 | Vaults:5 | Killed a dread lich
 68728 | Vaults:5 | Reached skill level 22 in Unarmed Combat
 68915 | Vaults:5 | Noticed a dread lich
 68925 | Vaults:5 | Killed a dread lich
 68939 | Vaults:5 | Identified the +1 helmet of Experimentation {rElec rN+
                  | Str-5 Dex+5}
 69089 | Vaults:5 | Got the Vellum of Firn
 69091 | Vaults:5 | Got a silver rune of Zot
 69575 | Zot:1    | Entered Level 1 of the Realm of Zot
 69806 | Zot:1    | Received a gift from Okawaru
 70054 | Zot:1    | Reached XP level 26. HP: 173/254 MP: 31/31
 71957 | Temple   | Lost mutation: You are frail. (-10% HP) [potion of
                  | mutation]
 71957 | Temple   | Gained mutation: You occasionally lose the ability to drink
                  | potions when taking damage. [potion of mutation]
 71957 | Temple   | Gained mutation: You are partially covered in iridescent
                  | scales. (AC +2) [potion of mutation]
 71957 | Temple   | Gained mutation: Your body sometimes deteriorates upon
                  | taking damage. [potion of mutation]
 71958 | Temple   | Lost mutation: You occasionally lose the ability to drink
                  | potions when taking damage. [potion of mutation]
 71958 | Temple   | Lost mutation: You are partially covered in iridescent
                  | scales. (AC +2) [potion of mutation]
 71958 | Temple   | Gained mutation: You have large cloven feet. [potion of
                  | mutation]
 71959 | Temple   | Lost mutation: You have large cloven feet. [potion of
                  | mutation]
 71959 | Temple   | Lost mutation: Your body sometimes deteriorates upon taking
                  | damage. [potion of mutation]
 71959 | Temple   | Gained mutation: You occasionally shout uncontrollably at
                  | your foes. [potion of mutation]
 71959 | Temple   | Gained mutation: Your flesh is cold resistant. (rC+)
                  | [potion of mutation]
 71959 | Temple   | Gained mutation: You possess an exceptional clarity of
                  | mind. [potion of mutation]
 71960 | Temple   | Lost mutation: You occasionally shout uncontrollably at
                  | your foes. [potion of mutation]
 71960 | Temple   | Lost mutation: You possess an exceptional clarity of mind.
                  | [potion of mutation]
 71960 | Temple   | Lost mutation: Your flesh is cold resistant. (rC+) [potion
                  | of mutation]
 71960 | Temple   | Gained mutation: You are covered in thick fur. (AC +2)
                  | [potion of mutation]
 71960 | Temple   | Gained mutation: Your system is resistant to poisons.
                  | (rPois) [potion of mutation]
 71961 | Temple   | Lost mutation: Your system is resistant to poisons. (rPois)
                  | [potion of mutation]
 71961 | Temple   | Lost mutation: You are covered in thick fur. (AC +2)
                  | [potion of mutation]
 71961 | Temple   | Gained mutation: Armour fits poorly on your strangely
                  | shaped body. [potion of mutation]
 71962 | Temple   | Lost mutation: Armour fits poorly on your strangely shaped
                  | body. [potion of mutation]
 71962 | Temple   | Gained mutation: You are agile. (Dex +4, Str/Int -1)
                  | [potion of mutation]
 71962 | Temple   | Gained mutation: You occasionally lose the ability to read
                  | scrolls when taking damage. [potion of mutation]
 71962 | Temple   | Gained mutation: You are partially covered in iridescent
                  | scales. (AC +2) [potion of mutation]
 71963 | Temple   | Lost mutation: You occasionally lose the ability to read
                  | scrolls when taking damage. [potion of mutation]
 71963 | Temple   | Lost mutation: You are agile. (Dex +4, Str/Int -1) [potion
                  | of mutation]
 71963 | Temple   | Gained mutation: You are weak. (Str -2) [potion of
                  | mutation]
 71963 | Temple   | Gained mutation: Armour fits poorly on your strangely
                  | shaped body. [potion of mutation]
 71963 | Temple   | Gained mutation: Your spells are a little harder to cast,
                  | but a little more powerful. [potion of mutation]
 71964 | Temple   | Lost mutation: You are partially covered in iridescent
                  | scales. (AC +2) [potion of mutation]
 71964 | Temple   | Lost mutation: Your spells are a little harder to cast, but
                  | a little more powerful. [potion of mutation]
 71964 | Temple   | Lost mutation: You are weak. (Str -2) [potion of mutation]
 71964 | Temple   | Gained mutation: You are partially covered in large bone
                  | plates. (SH +4) [potion of mutation]
 71964 | Temple   | Gained mutation: You expend magic power (3 MP) to
                  | strengthen your wands. [potion of mutation]
 71964 | Temple   | Gained mutation: You are somewhat resistant to further
                  | mutation. [potion of mutation]
 71965 | Temple   | Lost mutation: Armour fits poorly on your strangely shaped
                  | body. [potion of mutation]
 71965 | Temple   | Lost mutation: You expend magic power (3 MP) to strengthen
                  | your wands. [potion of mutation]
 71965 | Temple   | Lost mutation: You are partially covered in large bone
                  | plates. (SH +4) [potion of mutation]
 71965 | Temple   | Gained mutation: You possess an exceptional clarity of
                  | mind. [potion of mutation]
 71966 | Temple   | Fell from the grace of Okawaru
 71966 | Temple   | Became a worshipper of Zin the Law-Giver
 71966 | Temple   | Reached * piety under Zin
 71966 | Temple   | Reached ** piety under Zin
 71966 | Temple   | Reached *** piety under Zin
 72190 | D:15     | Donated 3919 gold pieces to Zin
 72423 | Zot:2    | Reached **** piety under Zin
 72593 | Zot:2    | Reached ***** piety under Zin
 72810 | Zot:2    | Reached ****** piety under Zin
 72905 | Zot:2    | Noticed an orb of fire
 72926 | Zot:2    | Killed an orb of fire
 74305 | Zot:3    | Identified the +1 shortbow "Posudwaj" {vorpal, Int+4}
 74612 | Zot:4    | Noticed an orb of fire
 74723 | Zot:4    | Killed an orb of fire
 74797 | Zot:4    | Found a transporter.
 75885 | Zot:4    | Noticed an orb of fire
 75899 | Zot:4    | Killed an orb of fire
 76783 | Depths:3 | Voluntarily entered the Abyss.
 76783 | Abyss:1  | Found a corrupted altar of Lugonu.
 77469 | Abyss:3  | Paralysed by accursed screaming for 1 turns
 77706 | Abyss:3  | Reached XP level 27. HP: 288/291 MP: 29/31
 77774 | Abyss:3  | Paralysed by accursed screaming for 1 turns
 77845 | Abyss:3  | Found a corrupted altar of Lugonu.
 77876 | Abyss:3  | Got an abyssal rune of Zot
 78213 | Abyss:3  | Paralysed by accursed screaming for 1 turns
 78227 | Abyss:3  | Paralysed by accursed screaming for 1 turns
 78231 | Abyss:3  | Paralysed by accursed screaming for 1 turns
 78276 | Depths:3 | Escaped the Abyss
 78688 | Slime:1  | Entered Level 1 of the Pits of Slime
 79118 | Slime:5  | Entered Level 5 of the Pits of Slime
 79843 | Slime:5  | Noticed the Royal Jelly
 79885 | Slime:5  | Paralysed by a great orb of eyes for 2 turns
 79887 | Slime:5  | HP: 14/291 [acid (3)]
 79887 | Slime:5  | Slain by a rockslime

Illustrated notes

#...## #...[### #.#
....)##############...).[### #.#
.....§+...........'...[....# #.#
......#############...<..### #.#
...§..## #....### #.# .......#
#..##'## #.#
.......#################.## #.#
####'####....#....# ##.## #.# #.#
#....#..@.# ##.###'## #.#
##...#..)## ##'#.?.# #.#
#...#...###########).... #.#
##..'...'........'...... #.#
##..#..###########...... # #.#
##'#.#.'## #......
####'####.##.#.#.## ##'.....
'#.....#'########.########.##...#
#..)...)## ### ##'##...#'#######


Turn 61184 on Elf:3: elf:3 && ego

Levels and vault maps discovered:
D:1:      shiori_arrival_elements, layout_rooms,
          shapermc_ecumenical_altar_flowoftime, nicolae_figureground_pulse
D:2:      layout_loops_corners, basic_altar, kennysheep_generic_room_3,
          uniq_terence
D:3:      layout_loops_corners, minmay_circle_x, uniq_grinder
D:4:      layout_rooms
D:5:      layout_loops_cross, serial_shops, shop, st_stairs_13,
          serial_park_tiny_1
D:6:      layout_rooms
D:7:      layout_cave_pools, lemuel_temple_firewalk_a
D:8:      minmay_the_grid_square_5x5_3x3
          [minmay_the_grid_square_5x5_beaten_path,
          minmay_the_grid_square_5x5_mess, minmay_the_grid_square_5x5_n,
          minmay_the_grid_square_5x5_six_small,
          minmay_the_grid_square_5x5_megaprize_diamond,
          minmay_the_grid_square_5x5_comb, minmay_the_grid_square_5x5_forky,
          minmay_the_grid_square_5x5_tie,
          minmay_the_grid_square_5x5_misaligned], layout_rooms,
          erik_lair_island, enter_bailey_5, uniq_psyche
D:9:      layout_loops_ring, mainiacjoe_overflow_divided_tiny,
          hellmonk_guarded_unrand_zhor, uniq_pikel
D:10:     minmay_evil_eye, layout_long_grid, orc_0_dummy, hangedman_fish_farm
D:11:     cheibrodos_barr_body, layout_gridville, serial_rivers,
          chequers_serial_rivers_small_b, chequers_serial_rivers_large_b,
          chequers_serial_rivers_micro_b, chequers_serial_rivers_small_b,
          grunt_decor_clamped, kennysheep_generic_room_13
D:12:     layout_gridville, hangedman_ru_absence, uniq_nessos
D:13:     layout_loops_ring, hangedman_abyss_or_decor_stabs, uniq_sonja
D:14:     layout_basic, david_vaults_2, minmay_misc_feat_nine_boxes,
          hangedman_weighted_door
D:15:     hangedman_depths_entry_try_elsewhere_first, layout_rooms,
          nicolae_figureground_sparkle
Temple:   nicolae_temple_bog_church
Lair:1:   layout_chaotic_city
Lair:2:   dreamdust_cave_troll, layout_layer_cave, dummy_snake_entry,
          minmay_holes, lemuel_fruit_tree, uniq_gastronok
Lair:3:   nzn_winding_woodlands_huge [nzn_winding_woodlands_5x15_lazy_stream,
          nzn_winding_woodlands_5x15_zeroes,
          nzn_winding_woodlands_5x15_river_crossing,
          nzn_winding_woodlands_5x15_concentric,
          nzn_winding_woodlands_5x15_cabin, nzn_winding_woodlands_5x15_sawtooth,
          nzn_winding_woodlands_5x15_crooked,
          nzn_winding_woodlands_5x15_pathside_ponds,
          nzn_winding_woodlands_5x15_garden,
          nzn_winding_woodlands_5x15_split_checker,
          nzn_winding_woodlands_center_lodge,
          nzn_winding_woodlands_center_pierced_h,
          nzn_winding_woodlands_15x15_eel_pit], layout_gridlike,
          swamp_mist_pool, gauntlet_entry_generic
Lair:4:   layout_hall_layers, dpeg_slime_entry_corner,
          portal_ice_cave_entry_ice_simulacra
Lair:5:   hangedman_lair_tendril_chambers, layout_small_grid
Swamp:1:  layout_basic_swamp, nicolae_swamp_round_clearing,
          infiniplex_staircase_pool
Swamp:2:  layout_falls_marsh, hangedman_swamp_pad, uniq_kirke
Swamp:3:  layout_falls_marsh, evilmike_swamp_ruin_house_4, swamp_pool1,
          water_boxes_lemuel
Swamp:4:  swamp_alternative, layout_basic_swamp
Snake:1:  hangedman_cross_stitches, layout_onion, grunt_megastairs_4
Snake:2:  layout_grid_shapes, basic_altar
Snake:3:  layout_onion_interference, basic_altar, uniq_mara, uniq_aizul,
          uniq_donald
Snake:4:  grunt_snake_rune_serpentine_throne, layout_misc_corridors
Slime:1:  layout_caves
Slime:2:  layout_caves
Slime:3:  layout_caves, nicolae_slime_phagocytosis
Slime:4:  layout_caves
Slime:5
Orc:1:    layout_diamond_mine
Orc:2:    grunt_orc_gardens, layout_caves, grunt_orc_garden, grunt_orc_garden,
          grunt_orc_garden, grunt_orc_garden, enter_volcano_4
Elf:1:    gammafunk_sealed_library, layout_gridlike, serial_glass,
          glass_columns_a, glass_columns_a, serial_shops,
          nicolae_take_the_stairs, orc_legates, minivault_28, uniq_frances
Elf:2:    nicolae_elf_blades_crystal_corner, layout_loops_ring, serial_shops,
          shop, nicolae_stop_n_shop_1, nicolae_shop_trees, nicolae_stop_n_shop_2
Elf:3:    grunt_elf_hall_branching, layout_geoelf_diagonals, uniq_asterion,
          uniq_saint_roka, uniq_nikola
Vaults:1: nicolae_vaults_network_s, v_misc_22, hangedman_vaults_stitches,
          nicolae_vaults_little_ls, ontoclasm_vaults_gallery,
          grunt_vaults_hallway_long, v_misc_22, nicolae_vaults_disjoint_gnomons,
          grunt_vaults_swirl, vaults_room_corners, grunt_vaults_focal,
          dpeg_vaults_monster_box, vaults_dpeg_emergency_exit,
          layout_vaults_omnicross, serial_shops, shop
Vaults:2: portal_desolation_entry_garden, nicolae_vaults_network_periphery,
          ontoclasm_vaults_ring_square, hangedman_vaults_slither,
          minmay_crypt_entry_necro_gods, st_more_cells, ontoclasm_vaults_hangar,
          v_misc_13, v_misc_14, v_misc_11, hangedman_vaults_impose, v_misc_23,
          nicolae_vaults_specimen_jars, vaults_room_large_hall,
          layout_vaults_omnibox
Vaults:3: ontoclasm_vaults_chip, vaults_mumra_minichess,
          hangedman_vaults_stretched_pinwheel, nicolae_vaults_angled_halls,
          nicolae_vaults_little_squares_2, hangedman_vaults_corner_blocks,
          ontoclasm_vaults_misaligned, vaults_dpeg_ring, layout_vaults_omnigrid,
          serial_shops, nicolae_shop_statue_plus, uniq_jory
Vaults:4: ontoclasm_vaults_spin, v_misc_2, nicolae_vaults_shelves_hall,
          grunt_vaults_hallway_long, vaults_dpeg_hooks,
          ontoclasm_vaults_claustrophobia, nicolae_vaults_little_squares_1,
          vaults_standard_mumra_lines, nicolae_vaults_bisected_exclaves,
          st_check, vaults_dpeg_cross, v_misc_28, v_misc_30,
          ontoclasm_vaults_tryst, v_alt_pattern_1, layout_vaults_maze,
          enter_trove_1
Vaults:5
Crypt:1:  layout_rooms, nzn_ghost_randoct
Crypt:2:  layout_misc_corridors, special_room [special_room_morgue],
          grunt_ministairs_5, minivault_11, minmay_strange_pillars,
          uniq_frederick
Crypt:3:  quadcrypt_mu, uniq_margery, uniq_bai_suzhen
Depths:1: minmay_box_of_statues, layout_cave_shapes, hell_entry,
          elyvilon_altar_3, kennysheep_small_circle
Depths:2: minmay_ambush_box, layout_basic, enter_ziggurat_f, hell_entry,
          pan_entry, serial_shops, bzr_entry_safe
Depths:3: minmay_broken_ring, layout_cave_pools, abyss_entry,
          grunt_mini_vestibule, lemuel_statue_altar,
          infiniplex_staircase_trident, uniq_enchantress, uniq_mennas
Depths:4: grunt_x_marks_the_spot, layout_basic, serial_bayou_pond_b, hell_entry,
          serial_sigils_hangedman_confine, amcnicky_mini_rare_corridor_liquid,
          eino_small_chamber_without_monster, uniq_grunn
Zot:1:    grunt_twist_and_shout, layout_onion_interference
Zot:2:    kennysheep_spiral_hall, layout_gridlike, st_stairs_5,
          hangedman_zot_decor_scrapings, nicolae_zot_crop_circle
Zot:3:    layout_gridlike
Zot:4:    layout_concentric_octagons, st_stairs_10, nicolae_diode_basic

Skill      XL: |  1  2  3  4  5  6  7  8  9 10 11 12 13 14 15 16 17 18 19 20 21 22 23 24 25 26 27 |
---------------+----------------------------------------------------------------------------------+-----
Unarmed Combat | 4 5 7 8 9 10 13 15 17 20 22 | 22.0
Invocations    | 6 9 10 12 13 | 13.0
Throwing       | 2 5 10 14 15 | 15.0
Fighting       | 7 10 14 15 16 19 20 | 20.0
Dodging        | 4 5 10 15 17 19 | 19.5
Armour         | 5 6 7 10 14 15 | 15.0
Shields        | 10 14 15 16 20 | 20.0
Translocations | 7 9 |  9.3
Stealth        | |  1.0

Action                   |  1- 3 |  4- 6 |  7- 9 | 10-12 | 13-15 | 16-18 | 19-21 | 22-24 | 25-27 || total
-------------------------+-------+-------+-------+-------+-------+-------+-------+-------+-------++-------
Melee: Unarmed           |    75 |   103 |   272 |   513 |  1131 |  1631 |  1572 |  2042 |  2108 ||  9447
       Punch             |     2 |     3 |    12 |    51 |   121 |    89 |       |       |       ||   278
       Trident           |       |       |       |       |     7 |       |       |       |       ||     7
Throw: Stone             |       |       |     1 |       |       |       |       |       |       ||     1
       Dart              |       |       |       |    27 |    16 |     6 |       |       |       ||    49
       Large rock        |       |       |       |     2 |    79 |    55 |    58 |    45 |    17 ||   256
       Javelin           |       |       |       |       |    11 |    33 |       |       |       ||    44
       Boomerang         |       |       |       |       |       |   109 |   286 |    39 |    30 ||   464
Invok: Heroism           |     1 |     4 |    17 |    23 |    24 |    25 |    24 |    31 |     4 ||   153
       Finesse           |       |       |     2 |    10 |     6 |    11 |     4 |     9 |     1 ||    43
       Duel              |       |       |       |       |     1 |     1 |       |     1 |       ||     3
       Vitalisation      |       |       |       |       |       |       |       |       |     4 ||     4
       Recite            |       |       |       |       |       |       |       |       |     2 ||     2
       Donate Gold       |       |       |       |       |       |       |       |       |     1 ||     1
Evoke: Wand              |       |       |       |     8 |     1 |     2 |     1 |     1 |     1 ||    14
  Use: Potion            |       |       |     1 |     2 |       |     3 |     2 |     6 |    10 ||    24
       Scroll            |       |       |     6 |    17 |     8 |     3 |     3 |    14 |     8 ||    59
 Stab: Sleeping          |     1 |     5 |     6 |       |     3 |     2 |     1 |       |       ||    18
       Distracted        |       |       |       |       |     2 |     1 |     2 |       |       ||     5
       Confused          |       |       |       |       |       |     1 |       |       |     1 ||     2
       Invisible         |       |       |       |       |       |       |       |       |    16 ||    16
       Petrifying        |       |       |       |       |       |       |       |       |     3 ||     3
Armor: Robe              |    21 |    31 |    88 |       |       |       |       |       |       ||   140
       Troll leather arm |       |       |    12 |    10 |       |       |       |       |       ||    22
       Acid dragon scale |       |       |       |   322 |   622 |   405 |   458 |    83 |       ||  1890
       Swamp dragon scal |       |       |       |       |       |   306 |       |       |       ||   306
       Quicksilver drago |       |       |       |       |       |       |       |   362 |       ||   362
       Gold dragon scale |       |       |       |       |       |       |       |     5 |   632 ||   637
Dodge: Dodged            |    31 |    45 |   170 |   320 |   683 |  1033 |   653 |   662 |   659 ||  4256
Block: Kite shield       |       |       |       |       |       |   583 |   802 |   251 |       ||  1636
       Reflection        |       |       |       |       |       |    16 |    90 |    48 |    64 ||   218
       Tower shield      |       |       |       |       |       |       |       |  1110 |  2062 ||  3172
